 Dungeon Crawl Stone Soup version 0.22.1-1-ga44c0e56f4 (webtiles) character file.

140 Nixze the Magician (level 5, 0/28 HPs)
             Began as a Deep Elf Fire Elementalist on Nov 6, 2018.
             Succumbed to an orc's poison
             ... on level 3 of the Dungeon.
             The game lasted 00:04:02 (2291 turns).

Nixze the Magician (Deep Elf Fire Elementalist)     Turns: 2291, Time: 00:04:03

Health: 0/28       AC:  5    Str:  5    XL:     5   Next: 2%
Magic:  6/14       EV: 13    Int: 21    God:
Gold:   136        SH:  0    Dex: 15    Spells: 5/13 levels left

rFire    . . .     SeeInvis .   f - +0 dagger
rCold    . . .     Gourm    .   (no shield)
rNeg     . . .     Faith    .   a - +0 robe
rPois    +         Spirit   .   h - +0 helmet
rElec    .         Reflect  .   (no cloak)
rCorr    .         Harm     .   (no gloves)
MR       .....                  (no boots)
Stlth    ++........             (no amulet)
HPRegen  0.09/turn              (no ring)
MPRegen  0.14/turn              (no ring)

@: lethally poisoned (0 -> -6), flying
A: molten scales 1, deterioration 1, poison resistance
a: no special abilities


You were on level 3 of the Dungeon.
You were not hungry.

You visited 1 branch of the dungeon, and saw 3 of its levels.

You collected 136 gold pieces.

Inventory:

Hand Weapons
 f - a +0 dagger (weapon)
Missiles
 g - 94 stones (quivered)
Armour
 a - a +0 robe (worn)
 h - a +0 helmet (worn)
Scrolls
 b - 5 scrolls of teleportation {unknown}
 d - 3 scrolls of identify {unknown}
 e - a scroll of remove curse {unknown}
 i - a scroll of random uselessness {unknown}
 k - a scroll of fear {unknown}
 m - a scroll of enchant weapon {unknown}
Potions
 j - 2 potions of mutation
 l - a potion of flight
Comestibles
 c - 3 rations


   Skills:
 - Level 2.4 Dodging
 - Level 2.4 Stealth
 + Level 4.7 Spellcasting
 + Level 3.1 Conjurations
 + Level 4.5 Fire Magic


You had 5 spell levels left.
You knew the following spells:

 Your Spells              Type           Power        Failure   Level  Hunger
a - Flame Tongue          Conj/Fire      ###..        2%          1    None
b - Conjure Flame         Conj/Fire      ###.....     7%          3    ##.....
c - Sticky Flame          Conj/Fire      ###.....     22%         4    ####...

Your spell library contained the following spells:

 Spells                   Type           Power        Failure   Level  Hunger
 Throw Flame              Conj/Fire      ###...       3%          2    #......
 Inner Flame              Hex/Fire       ##......     13%         3    ##.....
 Fireball                 Conj/Fire      ###.......   54%         5    ######.


Dungeon Overview and Level Annotations

Branches:
Dungeon (3/15)

Altars:


Innate Abilities, Weirdness & Mutations

You are partially covered in molten scales. (AC +2)
Your body sometimes deteriorates upon taking damage.
Your system is resistant to poisons. (rPois)


Message History

* * * LOW HITPOINT WARNING * * *
You feel sick.
* * * LOW HITPOINT WARNING * * *
You feel sick.
It was a potion of mutation.
You feel extremely strange.
You feel resistant to poisons.
You feel yourself wasting away.
Molten scales grow over part of your body.
The orc hits you with a whip.
* * * LOW HITPOINT WARNING * * *
It was a potion of flight.
You feel very buoyant.
You fly up into the air.
* * * LOW HITPOINT WARNING * * *
You feel sick. The orc barely misses you.
Quiver which item? (- for none, * to show all) (? for menu, Esc to quit)
Okay, then.
Unknown command.
* * * LOW HITPOINT WARNING * * *
You feel sick.
You die...

### #..#..#.......# #...
#..#..#..##.### #...
#........#.## #...
#####.##..#...####### #...
...#.....###.......#
####...#####.#.......#.......#
................#.##.#.......#
..%....$..............[.)....#
......)..w.o.@.#.###.#.......#
####..)#####.#.#.###.#.......#
#.). ...#.......#.......# #..w
#######.############# .....
#.#### #.#... #....# # #.#...
####.# ## # #... #.#########.
#...........


You could see a worm and an orc.

Vanquished Creatures
  An orc wizard (D:3)
  3 gnolls (D:3)
  2 adders
  3 worms (D:2)
  4 dart slugs
  3 orcs (D:3)
  7 bats
  3 giant cockroaches
  7 goblins
  2 hobgoblins (D:1)
  2 jackals (D:1)
  9 kobolds
  2 quokkas (D:2)
  3 frilled lizards
  A rat (D:2)
52 creatures vanquished.

Notes
Turn   | Place    | Note
-------+----------+-------------------------------------------
     0 | D:1      | Nixze the Deep Elf Fire Elementalist began the quest for
                  | the Orb.
     0 | D:1      | Reached XP level 1. HP: 10/10 MP: 6/6
   114 | D:1      | Reached XP level 2. HP: 15/15 MP: 6/8
   963 | D:1      | Reached XP level 3. HP: 19/19 MP: 6/10
  1898 | D:3      | Reached XP level 4. HP: 24/24 MP: 7/12
  2084 | D:3      | Learned a level 3 spell: Conjure Flame
  2089 | D:3      | Learned a level 4 spell: Sticky Flame
  2278 | D:3      | Reached XP level 5. HP: 14/28 MP: 9/14
  2287 | D:3      | Gained mutation: Your system is resistant to poisons.
                  | (rPois) [potion of mutation]
  2287 | D:3      | Gained mutation: Your body sometimes deteriorates upon
                  | taking damage. [potion of mutation]
  2287 | D:3      | Gained mutation: You are partially covered in molten
                  | scales. (AC +2) [potion of mutation]
  2290 | D:3      | HP: 1/28 [poisoned by an orc]
  2291 | D:3      | Succumbed to an orc's poison

Skill      XL: |  1  2  3  4 |
---------------+-------------+-----
Conjurations   | 2 3 |  3.1
Fire Magic     | 4 |  4.5
Spellcasting   | 4 |  4.7
Dodging        | |  2.4
Stealth        | |  2.4

Action                   |  1- 3 |  4- 6 || total
-------------------------+-------+-------++-------
 Cast: Flame Tongue      |    72 |    31 ||   103
  Use: Potion            |       |     2 ||     2
  Eat: Chunk             |     3 |     1 ||     4
Armor: Robe              |     2 |     2 ||     4
Dodge: Dodged            |    17 |     6 ||    23
